 Dungeon Crawl Stone Soup version 0.30.0-29-ga12c61a403 (webtiles) character file.

Game seed: 16591117038947965331

60 javelincjr the Ducker (level 4, -4/31 HPs)
             Began as a Djinni Hedge Wizard on June 12, 2023.
             Slain by Terence
             ... wielding a +0 mace of protection
              (8 damage)
             ... on level 3 of the Dungeon.
             The game lasted 00:06:20 (1373 turns).

javelincjr the Ducker (Djinni Hedge Wizard)         Turns: 1373, Time: 00:06:21

Health: -4/31      AC:  2    Str:  9    XL:     4   Next: 24%
Gold:   122        EV: 12    Int: 18    God:
                   SH:  0    Dex: 12

rFire   + + .        a - +0 dagger
rCold   x . .        (no shield)
rNeg    . . .        b - +0 robe
rPois   ∞            c - +0 hat
rElec   .            (no cloak)
rCorr   .            (no gloves)
SInv    .            (boots unavailable)
Will    .....        (no amulet)
Stlth   ++           (no ring)
HPRegen 0.25/turn    (no ring)
MPRegen 0.00/turn

%: infuse magic (-5 HP)
@: flying
A: sickness immunity, fire resistance 2, cold vulnerability 1, float, innate
caster, HP casting, extra vitality 1
a: no special abilities


You were on level 3 of the Dungeon.
You visited 1 branch of the dungeon, and saw 4 of its levels.

You collected 122 gold pieces.

Inventory:

Hand Weapons
 a - a +0 dagger (weapon)
Armour
 b - a +0 robe (worn)
 c - a +0 hat (worn)
Scrolls
 d - 2 scrolls of vulnerability {unknown}
 f - a scroll of butterflies {unknown}
 i - 2 scrolls of enchant weapon {unknown}
 j - a scroll of teleportation {unknown}
 k - a scroll of identify {unknown}
 n - a scroll of poison {unknown}
Potions
 e - 2 potions of lignification {unknown}
 g - a potion of flight {unknown}
 h - a potion of resistance {unknown}
 l - a potion of heal wounds {unknown}
 m - a potion of might {unknown}


   Skills:
 * Level 0.3 Fighting
 + Level 3.1 Dodging
 + Level 2.4 Stealth
 * Level 2.9 Spellcasting


You knew the following spells:

 Your Spells              Type           Power      Damage    Failure   Level
a - Magic Dart            Conj           52%        1d5       4%          1
b - Slow                  Hex            52%        N/A       4%          1
c - Blink                 Tloc           26%        N/A       8%          2
d - Call Imp              Summ           26%        N/A       8%          2
e - Mephitic Cloud        Conj/Pois/Air  13%        N/A       14%         3
f - Summon Small Mammal   Summ           52%        N/A       4%          1
Your spell library was empty.

Dungeon Overview and Level Annotations

Branches:
Dungeon (4/15)
 Temple: D:4-7

Altars:

Shops:
D:1 =

Annotations:
D:3 Terence


Innate Abilities, Weirdness & Mutations

You are immune to sickness and miasma.
You are immune to poison.
Your flesh is very heat resistant. (rF++)
You are vulnerable to cold. (rC-)
You float through the air rather than walking.
You learn spells naturally, not from books.
Your magical power is your life essence.
You have superior vitality. (+4 MHP)


Message History

Your rat bites Terence but does no damage.
Your quokka bites Terence but does no damage.
Your rat barely misses Terence.
Your cerulean imp hits Terence but does no damage.
Terence closely misses your quokka.
Your quokka bites Terence but does no damage.
Your rat barely misses Terence.
Your cerulean imp hits Terence with a -3 spear.
Terence hits your quokka with a +0 mace of protection.
Your quokka dies!
Your quokka's corpse disappears in a puff of smoke!
Casting: Summon Small Mammal (safe; 4% risk of failure)
Confirm with . or Enter, or press ? or * to list all spells.
Your cerulean imp closely misses Terence.
Your rat barely misses Terence.
Your magical contamination has completely faded away.
Your cerulean imp closely misses Terence.
Your rat misses Terence.
You swap places.
Terence hits your rat with a +0 mace of protection.
Your rat dies!
Your rat's corpse disappears in a puff of smoke!
Casting: Summon Small Mammal (safe; 4% risk of failure)
Confirm with . or Enter, or press ? or * to list all spells.
Terence attacks as you move away!
Terence hits you with a +0 mace of protection.
* * * LOW HITPOINT WARNING * * *
Your bat hits Terence but does no damage.
Casting: Summon Small Mammal (safe; 4% risk of failure)
Confirm with . or Enter, or press ? or * to list all spells.
You don't know that spell.
Unknown command.
Your bat hits Terence but does no damage. x2
Your rat barely misses Terence.
Terence hits you with a +0 mace of protection.
* * * LOW HITPOINT WARNING * * *
Items here: )) [ †.
Terence attacks as you move away!
Terence hits you with a +0 mace of protection!
You die...

##..#......#........#
.........#.....#.#..#
[...#########..#.#..#
...## #..#.#..# .#.#
#..#)#..# .#.#
#..#.#..# ....
#...†...# .#.#.
####.#### .#.#..
##@## .. ###@..# ..
#.rb..# .# #5#...# ..
. # #.##### ....#.#r#
.......5# ..#.#...#
......#


You could see Terence (ally target), a friendly cerulean imp (summoned), a
friendly bat (summoned) and a friendly rat (summoned).

Vanquished Creatures
  An adder (D:3)
  A worm (D:2)
  A dart slug (D:3)
  2 orcs (D:3)
  3 ball pythons
  2 endoplasms (D:1)
  3 goblins
  4 hobgoblins
  A jackal (D:3)
  3 quokkas
  A bat (D:1)
  A frilled lizard (D:1)
  4 kobolds
  2 rats
29 creatures vanquished.

Vanquished Creatures (collateral kills)
  A worm (D:2)
  3 orcs (D:3)
  A giant cockroach (D:3)
  2 jackals (D:3)
7 creatures vanquished.

Grand Total: 36 creatures vanquished

Notes
Turn   | Place    | Note
-------+----------+-------------------------------------------
     0 | D:1      | javelincjr the Djinni Hedge Wizard began the quest for the
                  | Orb.
     0 | D:1      | javelincjr set off with the following spells memorised:
                  | Magic Dart, Slow, Blink, Call Imp, Mephitic Cloud.
     0 | D:1      | Reached XP level 1. HP: 15/15 MP: 0/0
   141 | D:1      | Reached XP level 2. HP: 12/21 MP: 0/0
   393 | D:1      | Found Taudacex's Jewellery Shoppe.
   777 | D:2      | Reached XP level 3. HP: 15/25 MP: 0/0
   777 | D:2      | Learned a level 1 spell: Summon Small Mammal
   995 | D:2      | You are sucked into a shaft and drop 2 floors!
  1079 | D:3      | Reached skill level 3 in Dodging
  1079 | D:3      | Reached XP level 4. HP: 16/31 MP: 0/0
  1226 | D:3      | Noticed Terence
  1373 | D:3      | Slain by Terence

Illustrated notes

Levels and vault maps discovered:
D:1:      onia_arrival_pyramid, layout_rooms, serial_shops, shop
D:2:      layout_basic, serial_glass, glass_columns_c, glass_columns_a,
          due_unseen_surprise, item_on_display_a, feat_on_display,
          item_on_display_a
D:3:      layout_loops_cross, nrook_mini_backslash, minmay_snake_closets,
          uniq_jessica, uniq_terence
D:4:      layout_rooms, minmay_temple_entry_statues_fountains, st_stairs_2

Skill      XL: |  1  2  3 |
---------------+----------+-----
Stealth        | 2 |  2.4
Dodging        | 3 |  3.1
Fighting       | |  0.3
Spellcasting   | |  2.9

Action                     |  1- 3 |  4- 6 || total
---------------------------+-------+-------++-------
  Melee: Dagger            |    18 |    15 ||    33
   Cast: Magic Dart        |    79 |     5 ||    84
         Call Imp          |     4 |     3 ||     7
         Summon Small Mamm |     2 |     7 ||     9
         Slow              |       |     1 ||     1
         Mephitic Cloud    |       |     1 ||     1
 Armour: Robe              |     4 |     3 ||     7
  Dodge: Dodged            |    25 |     8 ||    33
